 Dungeon Crawl Stone Soup version 0.22-a0-612-gd2f0174 (webtiles) character file.

314 iamserjio the Chopper (level 6, -1/57 HPs)
             Began as a Naga Berserker on July 11, 2018.
             Was a Follower of Trog.
             Slain by Blork the orc
             ... wielding a +0 war axe
              (9 damage)
             ... on level 4 of the Dungeon.
             The game lasted 00:04:54 (716 turns).

iamserjio the Chopper (Naga Berserker)               Turns: 716, Time: 00:04:55

Health: -1/57      AC:  8    Str: 19    XL:     6   Next: 43%
Magic:  6/6        EV:  5    Int: 10    God:    Trog [*.....]
Gold:   48         SH:  0    Dex: 10    Spells: 5/5 levels left

rFire    . . .     SeeInvis +   a - +0 hand axe
rCold    . . .     Gourm    .   (no shield)
rNeg     . . .     Faith    .   m - +0 chain mail
rPois    +         Spirit   .   (no helmet)
rElec    .         Reflect  .   (no cloak)
rCorr    .         Harm     .   j - +0 pair of gloves
MR       .....                  (no barding)
Stlth    ..........             (no amulet)
HPRegen  0.19/turn              h - ring of flight
MPRegen  0.10/turn              (no ring)

@: berserk cooldown, slowed, very slow
A: large, see invisible, deformed body, poison resistance, slowness 2, slow
metabolism 1, spit poison 1, AC +2
a: Spit Poison, Berserk, Renounce Religion, Evoke Flight


You were on level 4 of the Dungeon.
You worshipped Trog.
Trog was aware of your devotion.
You were not hungry.

You visited 1 branch of the dungeon, and saw 4 of its levels.

You collected 48 gold pieces.

Inventory:

Hand Weapons
 a - a +0 hand axe (weapon)
 d - a +0 hand crossbow
Missiles
 e - 5 curare-tipped needles {!f}
Armour
 b - a +0 animal skin
 j - a +0 pair of gloves (worn)
 k - a +0 ring mail
 m - a +0 chain mail (worn)
Jewellery
 h - a ring of flight (left hand)
Wands
 g - a wand of flame (12)
Scrolls
 f - a scroll of magic mapping {unknown}
 l - a scroll of enchant armour {unknown}
 o - a scroll of fog {unknown}
 p - a scroll of remove curse {unknown}
Potions
 n - a potion of degeneration {unknown}
Comestibles
 c - 4 rations


   Skills:
 + Level 4.1 Fighting
 * Level 5.0 Axes
 + Level 2.7 Armour
 - Level 1.5 Dodging
 + Level 4.1 Stealth


You had 5 spell levels left.
You didn't know any spells.
Your spell library was empty.

Dungeon Overview and Level Annotations

Branches:
Dungeon (4/15)
 Temple: D:4-7

Altars:
Ashenzari

Annotations:
D:4 Blork the orc


Innate Abilities, Weirdness & Mutations

You cannot wear boots.
Your serpentine skin is tough. (AC +2)
You have supernaturally acute eyesight. (SInv)
Armour fits poorly on your strangely shaped body.
Your system is resistant to poisons. (rPois)
You cover ground very slowly.
You have a slow metabolism.
You can spit poison.


Message History

Blork the orc casts a spell.
Blork the orc seems to speed up.
Blork the orc hits you but does no damage.
You hit Blork the orc but do no damage.
Blork the orc is heavily wounded.
Blork the orc gestures at you while chanting.
The puff of frost hits you!
* * * LOW HITPOINT WARNING * * *
Blork the orc gestures at you while chanting.
The puff of frost hits you!
* * * LOW HITPOINT WARNING * * *
You closely miss Blork the orc.
Blork the orc is heavily wounded.
Blork the orc hits you but does no damage.
Blork the orc hits you with a war axe!
* * * LOW HITPOINT WARNING * * *
It was a potion of berserk rage.
You're still recovering from your berserk rage.
Blork the orc hits you with a war axe!
You die...

#..##.......
##.##.......
#.##....... .
#..#..(......
#..#.........
####..#.........
+.......# .....
####.#..##......
#......@o'......
#.#.##..##!.....
# #...... .....
......... .o<.
######.##. ...
.>. .. .. ### ##
#


You could see Blork the orc.

Vanquished Creatures
  Sigmund (D:2)
  A phantom (D:3)
  Jessica (D:2)
  Natasha (D:4)
  An adder (D:2)
  2 orcs (D:3)
  3 hobgoblins
  A bat (D:2)
  A frilled lizard (D:3)
  A kobold (D:2)
  A leopard gecko skeleton (D:4)
  2 rats (D:3)
16 creatures vanquished.

Notes
Turn   | Place    | Note
-------+----------+-------------------------------------------
     0 | D:1      | iamserjio the Naga Berserker began the quest for the Orb.
     0 | D:1      | Reached XP level 1. HP: 21/21 MP: 1/1
   185 | D:2      | Noticed Jessica
   191 | D:2      | Killed Jessica
   191 | D:2      | Reached skill level 1 in Stealth
   191 | D:2      | Reached XP level 2. HP: 11/28 MP: 2/2
   191 | D:2      | Reached XP level 3. HP: 13/34 MP: 3/3
   239 | D:2      | Noticed Sigmund
   248 | D:2      | Killed Sigmund
   248 | D:2      | Reached skill level 4 in Axes
   248 | D:2      | Reached XP level 4. HP: 27/44 MP: 4/4
   248 | D:2      | Reached XP level 5. HP: 31/50 MP: 5/5
   500 | D:2      | Found a shattered altar of Ashenzari.
   621 | D:3      | Noticed a phantom
   660 | D:3      | Killed a phantom
   660 | D:3      | Reached XP level 6. HP: 24/57 MP: 6/6
   685 | D:4      | Noticed Natasha
   697 | D:4      | Killed Natasha
   697 | D:4      | Reached skill level 5 in Axes
   702 | D:4      | Noticed Blork the orc
   716 | D:4      | Slain by Blork the orc

Vault maps used:
D:1:      dpeg_arrival_rhombi
D:2:      lemuel_upstairs_altar, tgw_trog, first_ration,
          minmay_tree_intersection, uniq_robin, uniq_sigmund, uniq_jessica
D:4:      temple_doors_e, serial_shops, shop, bh_walls_and_bars, uniq_pikel,
          uniq_blork_the_orc, uniq_duvessa, uniq_natasha, uniq_grinder

Skill      XL: |  1  2  3  4  5  6 |
---------------+-------------------+-----
Stealth        | 1 3 4 |  4.1
Axes           | 4 5 |  5.0
Armour         | 2 |  2.7
Fighting       | 4 |  4.1
Dodging        | |  1.5

Action                   |  1- 3 |  4- 6 || total
-------------------------+-------+-------++-------
Melee: Hand axe          |     9 |    56 ||    65
Invok: Berserk           |     2 |     2 ||     4
 Abil: Spit Poison       |     1 |     1 ||     2
Evoke: Wand              |       |     6 ||     6
  Use: Potion            |       |     1 ||     1
  Eat: Chunk             |       |     1 ||     1
       Ration            |       |     1 ||     1
Armor: Animal skin       |     2 |     2 ||     4
       Chain mail        |       |    18 ||    18
       Ring mail         |       |     3 ||     3
Dodge: Dodged            |     7 |    18 ||    25

Table legend:
 A = Spawn XP
 B = Non-spawn XP
 C = Spawn XP percentage of total XP
 D = Spawn monster count
 E = Non-spawn monster count
 F = Spawn count percentage of total count
 G = Total turns spent on level
                    A         B        C        D         E        F      G
               +---------+---------+-------+---------+---------+-------+---------
         Total |       0 |     449 |   0.0 |       0 |      16 |   0.0 |   716
               +---------+---------+-------+---------+---------+-------+---------
           D:2 |       0 |     274 |   0.0 |       0 |       6 |   0.0 |   262
           D:3 |       0 |     138 |   0.0 |       0 |       8 |   0.0 |   362
           D:4 |       0 |      37 |   0.0 |       0 |       2 |   0.0 |    50
               +---------+---------+-------+---------+---------+-------+---------
